Map: Blueshift LE

Players

Bunny

  • Race: Terran Terran
  • League: Diamond
  • Spawn Location: 1:00

lIIllllIIlll (INnoVation) - Winner!

  • Race: Terran Terran
  • League: Master
  • Spawn Location: 7:00

Event: HomeStory Cup XVIII

VOD

Have the link to the VOD?

Description

Time

  • Played on: Nov. 25, 2018, 2:05 p.m.
  • Length: 8:25

All games in this series

Show
View Real Time Build Order
Export as new Build Order

Bunny Terran 

Build Orders: Gas First Reaper Expand, Reaper Expand 

Get SALT Encoding   

  12  0:00  SCV  
  13  0:12  SCV  
  14  0:17  Supply Depot  
  14  0:24  SCV  
  14  0:27  Refinery  
  15  0:39  SCV  
  16  0:46  Barracks  
  16  0:51  SCV  
  17  1:03  SCV  
  18  1:15  SCV  
  19  1:32  Orbital Command  
  19  1:33  Reaper  
  20  1:46  Command Center  
  20  1:58  Factory  
  20  1:59  SCV  
  21  2:05  Reaper  
  22  2:12  Supply Depot  
  22  2:13  SCV  
  23  2:18  Refinery  
  23  2:33  SCV  
  24  2:39  Barracks Reactor  
  24  2:42  Hellion  
  26  2:45  SCV  
  27  2:54  Starport  
  27  2:57  SCV  
  28  3:04  Hellion  
  29  3:10  SCV  
  27  3:22  SCV  
  26  3:29  Orbital Command  
  26  3:34  Barracks Tech Lab, SCV, Hellion x2  
  31  3:46  SCV  
  34  3:56  SCV  
  34  3:58  SCV  
  34  3:59  Engineering Bay, Raven  
  34  4:01  Marine, Widow Mine x2  
  41  4:07  Supply Depot  
  41  4:11  SCV x2  
  43  4:19  Marine  
  43  4:23  Widow Mine  
  46  4:27  Missile Turret x2  
  46  4:32  SCV x2  
  48  4:39  Supply Depot  
  48  4:46  SCV x2  
  48  4:51  Hellion  
  50  4:58  Raven, SCV  
  50  4:59  SCV  
  54  5:15  Supply Depot  
  54  5:16  Hellion x2  
  54  5:18  SCV x2  
  60  5:23  Supply Depot  
  60  5:31  Command Center  
  60  5:32  SCV x2  
  62  5:44  Factory, SCV  
  62  5:45  SCV  
  62  5:47  Refinery  
  62  5:48  Refinery  
  64  5:50  Factory  
  64  5:53  Cyclone  
  64  5:54  Mag-Field Accelerator  
  67  5:58  SCV x2  
  67  6:01  Supply Depot  
  69  6:10  SCV x2  
  71  6:18  Starport Reactor  
  69  6:19  Armory  
  69  6:21  Barracks Tech Lab  
  69  6:22  SCV  
  69  6:23  SCV  
  69  6:26  Cyclone  
  72  6:34  SCV  
  72  6:35  SCV  
  72  6:36  Hellion x2  
  78  6:44  Orbital Command  
  78  6:47  SCV x2, Cyclone  
  82  6:49  Infernal Pre-Igniter  
  82  6:53  Supply Depot  
  83  6:57  Hellion  
  83  6:58  Hellion, Cyclone  
  90  7:04  Missile Turret  
  86  7:19  Cyclone  
  86  7:23  Supply Depot  
  86  7:29  Hellion x2  
  88  7:30  Cyclone  
  68  7:50  Hellion  
  68  7:51  Hellion, Cyclone  
Show
View Real Time Build Order
Export as new Build Order

lIIllllIIlll Terran - Winner!

Build Orders: Factory Expand, Gas First Reaper Expand 

Get SALT Encoding   

  12  0:00  SCV  
  13  0:12  SCV  
  14  0:16  Supply Depot  
  14  0:24  SCV  
  14  0:27  Refinery  
  15  0:38  SCV  
  16  0:44  Barracks  
  16  0:50  SCV  
  16  0:54  Refinery  
  17  1:02  SCV  
  18  1:14  SCV  
  19  1:31  Orbital Command  
  19  1:32  Factory  
  19  1:35  Reaper  
  20  1:49  Supply Depot  
  20  1:56  SCV  
  21  2:07  Reaper  
  22  2:08  SCV  
  22  2:15  Hellion  
  25  2:20  SCV  
  26  2:33  Command Center  
  26  2:35  SCV  
  27  2:38  Factory Tech Lab  
  27  2:44  Barracks Reactor  
  27  2:47  SCV  
  27  2:52  Starport  
  27  2:59  SCV  
  27  3:00  Supply Depot  
  28  3:12  SCV  
  31  3:17  Factory Tech Lab  
  28  3:22  Marine x2  
  28  3:24  SCV  
  30  3:34  Banshee  
  30  3:36  SCV  
  34  3:44  Cyclone  
  37  3:51  Orbital Command  
  37  3:54  SCV  
  38  3:58  Marine x2  
  40  4:02  Refinery  
  40  4:06  SCV  
  41  4:17  Raven, Siege Tank  
  41  4:19  SCV x2  
  41  4:24  Supply Depot  
  48  4:27  Marine x2  
  51  4:31  SCV x2  
  52  4:44  SCV  
  52  4:45  SCV  
  53  4:46  Supply Depot  
  53  4:50  Marine, Siege Tank  
  53  4:51  Marine  
  58  4:58  SCV x2, Supply Depot  
  60  5:04  Raven  
  62  5:09  Marine x2  
  62  5:10  SCV x2  
  62  5:11  Supply Depot  
  66  5:22  Siege Tank, SCV x2  
  66  5:26  Marine  
  66  5:27  Marine  
  66  5:28  Supply Depot  
  73  5:34  SCV x2  
  75  5:47  SCV  
  75  5:48  SCV  
  75  5:49  Command Center  
  77  5:53  Viking x2  
  81  5:59  Siege Tank  
  85  6:04  SCV x2  
  85  6:10  Refinery, Supply Depot  
  86  6:14  Supply Depot  
  86  6:16  SCV x2  
  88  6:24  Viking x2  
  91  6:31  Siege Tank  
  91  6:32  Marine  
  95  6:34  Supply Depot  
  95  6:38  SCV x2  
  95  6:52  Barracks x2  
  95  6:54  Viking x2  
  95  7:01  Engineering Bay x2  
  99  7:03  Orbital Command  
  99  7:08  SCV x2  
  99  7:09  Marine  
  99  7:14  Siege Tank  
  105  7:29  Viking  
  104  7:30  Barracks  
  104  7:32  Barracks  
  103  7:42  SCV x2  
  97  7:45  Viking, Orbital Command  
  97  7:47  Siege Tank  
  97  7:48  Barracks Tech Lab, Barracks Reactor  
  102  7:54  SCV x2  
  104  7:59  Marine  
  95  8:08  SCV  
  95  8:09  SCV  
Tags
 
Add a new tag
Caveats
  • Supply blocks, unpowered buildings, or Contaminate may cause inaccurate times.
  • Supply counts are checked every 10 seconds.